 Dungeon Crawl Stone Soup version 0.18-a0-1497-g788d838 (webtiles) character file.

21385 GrosslyIncandescent the Fighter (level 12, -2/102 HPs)
             Began as a Mummy Monk on Mar 4, 2016.
             Slain by a five-headed hydra (15 damage)
             ... on level 4 of the Lair of Beasts.
             The game lasted 00:55:30 (26683 turns).

GrosslyIncandescent the Fighter (Mummy Monk)       Turns: 26683, Time: 00:55:30

Health: -2/102     AC:  1    Str: 14    XL:     12   Next: 53%
Magic:  12/12      EV: 25    Int: 13    God:
Gold:   554        SH:  6    Dex: 25    Spells: 0 memorised, 11 levels left

rFire  x . .     SeeInvis .       - Unarmed
rCold  + . .     Gourm    .     (no armour)
rNeg   + + +     Faith    .     f - +0 buckler
rPois  ∞         Spirit   .     s - +0 helmet {Int+3}
rElec  .         Dismiss  .     (no cloak)
rCorr  .         Reflect  .     (no gloves)
SustAt .         Harm     .     (no boots)
MR     +....                    l - amulet of regeneration
Stlth  +++.......               j - +2 ring of evasion
                                o - +6 ring of dexterity

@: somewhat resistant to hostile enchantments, fairly stealthy
A: no food or potions, fire vulnerability, cold resistance 1, negative energy
resistance 3, torment resistance, unbreathing
a: no special abilities


You were on level 4 of the Lair of Beasts.
You were not hungry.

You visited 3 branches of the dungeon, and saw 15 of its levels.
You also visited: Bailey.

You collected 689 gold pieces.
You spent 135 gold pieces at shops.


Innate Abilities, Weirdness & Mutations

You do not eat or drink.
Your flesh is vulnerable to fire.
You are immune to poison.
Your flesh is cold resistant.
You are immune to negative energy.
You are immune to unholy pain and torment.
You can survive without breathing.


   Skills:
 - Level 12.0 Fighting
 + Level 10.0 Dodging
 - Level 1.5 Stealth
 - Level 4.0 Shields
 - Level 11.0 Unarmed Combat


You had 11 spell levels left.
You didn't know any spells.

Inventory:

Armour
 f - a +0 buckler (worn)
 h - a -2 pair of gloves
 s - a +0 helmet of intelligence (worn)
 t - the +2 robe of the Game of Kings {Int+5, unknown}

   It affects your intelligence (+5).
 y - a +1 robe of the Archmagi {Josephine's modesty}
Jewellery
 e - a +5 amulet of reflection
 j - a +2 ring of evasion (right hand)
 l - an amulet of regeneration (around neck)
 o - a +6 ring of dexterity (left hand)
 p - an uncursed ring of positive energy
 q - an uncursed ring of wizardry
 x - an uncursed ring of see invisible
Scrolls
 a - 7 scrolls of fear
 b - 11 scrolls of remove curse
 c - 2 scrolls of blinking
 d - 7 scrolls of enchant weapon
 g - 5 scrolls of identify {@r1}
 i - 5 scrolls of teleportation {@r4}
 k - 5 scrolls of magic mapping
 m - 3 scrolls of immolation {!r}
 n - a scroll of noise {!r}
 r - a scroll of summoning
 v - a scroll of recharging
Books
 w - a book of Dreams (quivered) {Born 2 crawl}

   Spells                             Type                      Level
   a - Ensorcelled Hibernation        Hexes/Ice                    2
   b - Silence                        Hexes/Air                    5
   c - Darkness                       Hexes                        6
   d - Mass Confusion                 Hexes                        6
   e - Shadow Creatures               Summoning                    6
Miscellaneous
 u - a phantom mirror

Dungeon Overview and Level Annotations

Branches:
Dungeon (10/15)            Temple (0/1) D:4            Lair (4/8) D:8
 Shoals (1/4) Lair:4          Orc (0/2) D:10
  Snake: Lair:3-6    Spider: Lair:3-6

Altars:
Cheibriados
Elyvilon
Kikubaaqudgha
Nemelex Xobeh
Pakellas
Sif Muna
Trog
Vehumet

Shops:
D:9 [

Annotations:
D:3 !ogre, exclusion: downstairs
D:4 milladamen's ghost, amateur HOFi
D:6 exclusion: downstairs
D:10 exclusions: door and 8 more exclusions, Snorg
Lair:1 exclusion: 3 downstairs
Lair:2 exclusion: downstairs
Lair:3 !3 Hydras, exclusion: downstairs

...▒▒ ▒........... ....▒▒▒▒
▒..........▒▒ ▒ .....▒.▒
▒▒▒▒..........▒ ▒▒ .....▒.▒▒
▒.▒...........▒▒ ▒▒▒.
........▒▒▒▒.....▒.......▒▒ ▒▒...
.........f▒.....▒.▒........▒▒....
...........<.....................
f................................
▒...............MD...............
................▒▒...............
.▒▒..............!...............
▒ ▒▒.....▒.........▒........▒▒...
▒....▒▒.........▒........▒▒▒..
..... ▒▒..............▒..▒▒...
..... ▒....>.........▒..▒.... ..
▒.............▒▒▒▒▒.... .
▒▒P...........▒ ▒▒...


You could see a five-headed hydra.


Message History

Unknown command!
You beat the five-headed hydra into a bloody pulp!!!
The five-headed hydra is severely wounded!
The five-headed hydra misses you! The five-headed hydra bites you!!! x2
The five-headed hydra completely misses you! x2
Unknown command!
You pummel the five-headed hydra like a punching bag!!!
The five-headed hydra is almost dead!
The five-headed hydra completely misses you!
The five-headed hydra closely misses you!
The five-headed hydra bites you!!! * * * don't die
* * * The five-headed hydra completely misses you! x2
Unknown command!
You barely miss the five-headed hydra!
The five-headed hydra is almost dead!
The five-headed hydra bites you! * * * don't die
* * * The five-headed hydra bites you!!! * * * don't die
* * * The five-headed hydra closely misses you!
The five-headed hydra bites you!!! * * * don't die
* * * The five-headed hydra bites you!!! * * * don't die
* * * You pummel the five-headed hydra like a punching bag!
The five-headed hydra is almost dead!
Unknown command!
The five-headed hydra bites you!!! rip

Action                   |  1- 3 |  4- 6 |  7- 9 | 10-12 || total
-------------------------+-------+-------+-------+-------++-------
Melee: Unarmed           |   127 |   257 |   757 |  1432 ||  2573
  Use: Scroll            |       |     2 |    10 |     5 ||    17
 Stab: Sleeping          |     5 |     5 |     2 |    12 ||    24
       Distracted        |       |       |     1 |     5 ||     6
       Confused          |       |       |       |     1 ||     1

Vault maps used:
D:1:      dpeg_arrival_water_temple_mockup, serial_bayou_pond_e
D:3:      old_standard_altar, kennysheep_generic_room_15
D:4:      temple_green, first_bread
D:5:      nicolae_overflow_hidden_temple, led_sif_pool
D:8:      grunt_temple_overflow_open, erik_lair_dragon
D:9:      serial_shops, shop, blue_anna_alchemist, kennysheep_generic_room_2
D:10:     minmay_orc_entry_guard_dogs, enter_bailey_2, uniq_snorg
Lair:1:   minivault_23, st_stairs_8
Lair:3:   wad_woods_stonehenge, serial_bayou_shore_b, lemuel_fruit_tree,
          infiniplex_staircase_pool_2
Lair:4:   boulder_quad_collide, shoals_dummy_entry, serial_bayou_crossing,
          uniq_josephine
Shoals:1: nicolae_shoals_island_circles, serial_shops,
          nicolae_shop_temple_entry_statues_fountains, lemuel_oklob_altar
Bailey:   bailey_polearm_gnolls_kennysheep, bailey

Notes
Turn   | Place    | Note
--------------------------------------------------------------
     0 | D:1      | GrosslyIncandescent the Mummy Monk began the quest for the Orb.
     0 | D:1      | Reached XP level 1. HP: 18/18 MP: 1/1
   294 | D:1      | Reached XP level 2. HP: 24/24 MP: 2/2
  1250 | D:2      | neat
  1526 | D:2      | Reached skill level 4 in Unarmed Combat
  1640 | D:2      | literally free shield
  2242 | D:3      | Reached XP level 3. HP: 22/29 MP: 3/3
  2374 | D:3      | Noticed cireshan's ghost (amateur HEFE)
  2383 | D:3      | Found a bloodstained altar of Trog.
  2526 | D:3      | Killed cireshan's ghost
  2526 | D:3      | Reached skill level 3 in Shields
  2526 | D:3      | Reached XP level 4. HP: 13/35 MP: 4/4
  2526 | D:3      | Reached XP level 5. HP: 15/41 MP: 5/5
  3400 | D:4      | Noticed an ogre
  3578 | D:4      | Found a staircase to the Ecumenical Temple.
  3589 | D:4      | Noticed milladamen's ghost (amateur HOFi)
  4249 | D:4      | Noticed a phantom
  4267 | D:5      | Entered Level 5 of the Dungeon
  4328 | D:5      | Reached skill level 4 in Shields
  4508 | D:5      | Reached XP level 6. HP: 45/47 MP: 6/6
  4606 | D:5      | Found a deep blue altar of Sif Muna.
  4805 | D:5      | Reached skill level 4 in Fighting
  5361 | D:5      | HP: 2/48 [orc/flail (9)]
  5916 | D:4      | Reached skill level 5 in Unarmed Combat
  5916 | D:4      | Reached XP level 7. HP: 28/54 MP: 7/7
  6343 | D:3      | Reached skill level 5 in Fighting
  6654 | D:4      | Reached skill level 3 in Dodging
  7491 | D:5      | HP: 5/56 [iguana (12)]
  7492 | D:5      | HP: 2/56 [water moccasin (4)]
  7493 | D:5      | Reached skill level 4 in Dodging
  7859 | D:5      | Found a sparkling altar of Nemelex Xobeh.
  7862 | D:5      | Found a deep blue altar of Sif Muna.
  7948 | D:5      | Found an oddly glowing altar of Pakellas.
  7948 | D:5      | Found a white marble altar of Elyvilon.
  7949 | D:5      | Found a radiant altar of Vehumet.
  8052 | D:6      | Reached XP level 8. HP: 60/62 MP: 8/8
  9159 | D:5      | Reached skill level 6 in Unarmed Combat
  9620 | D:6      | Reached skill level 7 in Unarmed Combat
 10608 | D:8      | Noticed a komodo dragon
 10703 | D:8      | Reached skill level 8 in Unarmed Combat
 10703 | D:8      | Reached XP level 9. HP: 58/68 MP: 9/9
 11282 | D:8      | Reached skill level 6 in Fighting
 11307 | D:8      | Found an ancient bone altar of Kikubaaqudgha.
 11307 | D:8      | Found a snail-covered altar of Cheibriados.
 11942 | D:8      | Reached skill level 7 in Fighting
 12637 | D:7      | Reached skill level 8 in Fighting
 12957 | D:8      | Reached skill level 5 in Dodging
 13224 | D:8      | Found an ancient bone altar of Kikubaaqudgha.
 13224 | D:8      | Found a snail-covered altar of Cheibriados.
 13378 | D:8      | Noticed a komodo dragon
 13380 | D:8      | Noticed a komodo dragon
 14201 | D:6      | HP: 2/74 [orc warrior/long sword (20)]
 14615 | D:5      | Reached skill level 6 in Dodging
 15672 | D:7      | Reached XP level 10. HP: 45/80 MP: 10/10
 16861 | D:8      | Reached skill level 9 in Unarmed Combat
 17263 | D:8      | Found a staircase to the Lair.
 17503 | D:9      | Reached skill level 7 in Dodging
 17882 | D:9      | Found Ibubas's Antique Armour Boutique.
 17887 | D:9      | Bought a glowing helmet for 135 gold pieces
 18039 | D:9      | Got a scorched graven amulet
 18145 | D:9      | Reached skill level 8 in Dodging
 18670 | D:10     | Entered Level 10 of the Dungeon
 18769 | D:10     | Found a staircase to the Orcish Mines.
 18850 | D:10     | Found a flagged portal.
 18860 | D:10     | Got a heavy robe
 18882 | Bailey   | Entered a bailey
 19584 | D:10     | Reached skill level 9 in Dodging
 19584 | D:10     | Reached XP level 11. HP: 83/86 MP: 11/11
 19901 | D:10     | Noticed Snorg
 20227 | Lair:1   | Entered Level 1 of the Lair of Beasts
 20310 | D:8      | Reached skill level 9 in Fighting
 20569 | Lair:1   | Identified the amulet "Daypoc" {Spirit rPois} (You found it on level 9 of the Dungeon)
 20949 | Lair:1   | Reached skill level 10 in Fighting
 21100 | Lair:1   | I literally have 1 AC
 21100 | Lair:1   | Octopodes have an easier lair
 21930 | Lair:2   | Reached skill level 10 in Unarmed Combat
 22177 | Lair:2   | HP: 4/90 [river rat (10)]
 22197 | Lair:2   | HP: 3/90 [sheep (6)]
 22548 | Lair:1   | yes
 22548 | Lair:1   | yes this is an amulet mumo run
 23261 | Lair:3   | Noticed a five-headed hydra
 23391 | Lair:3   | Found a sparkling altar of Nemelex Xobeh.
 23419 | Lair:3   | Reached skill level 10 in Dodging
 23949 | Lair:3   | Noticed a four-headed hydra
 24423 | Lair:3   | Reached XP level 12. HP: 78/97 MP: 12/12
 24639 | Lair:3   | HP: 9/97 [four-headed hydra (17)]
 25087 | Lair:4   | Found a staircase to the Shoals.
 25182 | Lair:4   | Reached skill level 11 in Unarmed Combat
 25368 | Lair:3   | snail
 25468 | Lair:4   | Noticed an eight-headed hydra
 25516 | Lair:4   | Noticed Josephine
 25684 | Lair:4   | Killed Josephine
 25684 | Lair:4   | Reached skill level 11 in Fighting
 26630 | Shoals:1 | Entered Level 1 of the Shoals
 26635 | Shoals:1 | Reached skill level 12 in Fighting
 26683 | Lair:4   | Slain by a five-headed hydra

Vanquished Creatures
  Josephine (Lair:4)
  A siren (Shoals:1)
  3 black mambas
  A torpor snail (Lair:4)
  7 spiny frogs
  A rime drake (Lair:2)
  7 komodo dragons
  A two-headed ogre (D:9)
  3 blink frogs
  5 wraiths (Lair:4)
  2 spriggans (Lair:3)
  10 yaks
  4 hippogriffs
  12 wolves
  The ghost of cireshan the Firebug, an amateur HEFE of Sif Muna (D:3)
  4 wargs (D:10)
  7 water moccasins
  7 porcupines
  5 orc warriors
  3 black bears
  3 ice beasts
  3 phantoms
  A swamp drake (D:8)
  An eye of draining (D:10)
  A sky beast (D:8)
  2 ogres
  A centaur (D:8)
  10 crocodiles
  A big kobold (D:9)
  11 giant frogs
  2 gnoll sergeants (Bailey)
  2 wyvern skeletons
  3 scorpions
  A water moccasin skeleton (D:10)
  5 wights (D:8)
  15 killer bees
  2 electric eels (D:9)
  A giant frog zombie (D:6)
  A howler monkey (D:4)
  6 crimson imps
  2 centaur zombies
  A quasit (D:9)
  4 jellies
  5 orc priests
  4 centaur skeletons
  8 hounds
  8 orc wizards
  2 giant frog skeletons (D:5)
  2 gnoll shamans (Bailey)
  9 iguanas
  12 worker ants
  A killer bee zombie (D:10)
  4 sheep (Lair:2)
  2 hound skeletons
  A howler monkey zombie (D:7)
  A worker ant zombie (D:10)
  11 gnolls (Bailey)
  9 adders
  A howler monkey skeleton (D:9)
  46 river rats
  2 shadow imps
  An ooze (D:5)
  An adder skeleton (D:8)
  3 worms
  A dart slug (D:1)
  8 giant geckos
  21 orcs
  A ball python (D:4)
  4 giant cockroaches
  6 hobgoblins
  5 jackals (D:6)
  6 quokkas
  3 bats
  4 giant newts
  8 goblins
  2 jackal skeletons (D:7)
  2 kobolds
  A quokka skeleton (D:5)
  2 quokka zombies
  14 rats
385 creatures vanquished.

Vanquished Creatures (others)
  An orc (D:5)
  A kobold (D:3)
  5 fungi
  10 plants
17 creatures vanquished.

Grand Total: 402 creatures vanquished
